 Dungeon Crawl Stone Soup version 0.28.0-43-g3370ac3207 (webtiles) character file.

Game seed: 8222440712782131042

56 Cape the Magician (level 3, -4/19 HPs)
             Began as a Deep Elf Earth Elementalist on Mar 17, 2022.
             Slain by a hobgoblin (5 damage)
             ... led by Robin
             ... on level 2 of the Dungeon.
             The game lasted 00:07:53 (1505 turns).

Cape the Magician (Deep Elf Earth Elementalist)     Turns: 1505, Time: 00:07:54

Health: -4/19      AC:  5    Str:  5    XL:     3   Next: 69%
Magic:  10/10      EV: 13    Int: 21    God:
Gold:   517        SH:  0    Dex: 15    Spells: 9/10 levels left

rFire   . . .      SeeInvis .   e - +2 club (spect)
rCold   . . .      Faith    .   (no shield)
rNeg    . . .      Spirit   .   b - +0 robe
rPois   .          Reflect  .   k - +1 helmet
rElec   .          Harm     .   g - +0 cloak
rCorr   .          Rampage  .   (no gloves)
Will    .....                   (no boots)
Stlth   ++........              (no amulet)
HPRegen 0.06/turn               (no ring)
MPRegen 0.12/turn               (no ring)

@: no status effects
A: no striking features
a: no special abilities


You were on level 2 of the Dungeon.
You visited 1 branch of the dungeon, and saw 2 of its levels.

You collected 517 gold pieces.

Inventory:

Hand Weapons
 a - the +10 whip "Idusaxzo" {vorpal, rElec rPois rF++ Dex-5}
   (You found it on level 2 of the Dungeon)

   It inflicts extra damage upon your enemies.
   Dex:       It affects your dexterity (-5).
   rF:        It greatly protects you from fire.
   rElec:     It insulates you from electricity.
   rPois:     It protects you from poison.
 d - a +0 dagger
 e - a +2 spectral club (weapon)
 i - a +1 dagger of venom
 n - a +1 short sword
Missiles
 c - 58 stones
Armour
 b - a +0 robe (worn)
 g - a +0 cloak (worn)
 k - a +1 helmet (worn)
Scrolls
 l - a scroll of teleportation {unknown}
Potions
 f - a potion of might {unknown}
 h - a potion of flight
 j - a potion of degeneration {unknown}


   Skills:
 + Level 0.2 Maces & Flails
 + Level 2.8 Dodging
 + Level 2.9 Stealth
 * Level 4.0 Spellcasting
 + Level 1.8 Transmutations
 * Level 3.8 Earth Magic


You had 9 spell levels left.
You knew the following spells:

 Your Spells              Type           Power      Damage    Failure   Level
a - Sandblast             Erth           40%        2d10      2%          1

Your spell library contained the following spells:

 Spells                   Type           Power      Damage    Failure   Level
 Passwall                 Tmut/Erth      13%        N/A       5%          2
 Stone Arrow              Conj/Erth      24%        3d8       16%         3
 Petrify                  Tmut/Erth      16%        N/A       36%         4


Dungeon Overview and Level Annotations

Branches:
Dungeon (2/15)

Altars:

Shops:
D:2 (

Annotations:
D:2 Robin


Message History

a +0 robe; the human corpse of Jessica The goblin shouts!
You hit the bat.
The bat is moderately wounded.
Your +2 spectral club hits the bat!
You kill the bat!
The goblin hits you but does no damage.
You hit the goblin.
You kill the goblin!
You see here a +0 club.
You now have 517 gold pieces (gained 13).
l - a scroll labelled ECOXEEKHLATH The goblin shouts!
You hear a shout!
The goblin shouts!
The hobgoblin shouts! x2; The goblin shouts!
The goblin shoots a stone.
The stone completely misses you.
The goblin shouts!
There is a stone staircase leading up here.
The goblin unwields a +0 dagger.
The goblin wields a +0 hunting sling.
The goblin shoots a stone.
The stone hits you but does no damage.
The goblin shouts!
You hear a shout! x2
Robin throws the goblin at you!
You can't go down here!
The goblin shouts!
The goblin barely misses you.
You climb upwards.
There is a stone staircase leading down here.
You closely miss the goblin.
Your +2 spectral club hits the goblin.
You kill the goblin!
Your Spellcasting skill increases to level 4!
You climb downwards.
Level annotation: Robin The goblin closely misses you.
The hobgoblin barely misses you.
Robin roars a battlecry!
The goblins go into a battle-frenzy!
The goblin hits you with a +2 vampiric dagger.
The goblin hits you but does no damage.
You are electrocuted!
Ouch! That really hurt!
* * * LOW HITPOINT WARNING * * *
The hobgoblin hits you.
You die...

.........# # ∩........# #
....g....# # ...g.....###
# ...........##.. ##
....gggg.#....# ####.
......ggg...##..# #....
....###gg##.###.####.###
.......@....#....#......
##.#####g..........÷..##
#...###..##.##.†.
#.#####.#.###..........
##.....#..(..#.......#.#
.....................##..
#########...........####.
#..............##
########..>........##.##


You could see Robin, 3 hobgoblins and 8 goblins.

Vanquished Creatures
  Jessica (D:2)
  A worm (D:2)
  3 endoplasms
  2 giant cockroaches (D:1)
  A hobgoblin (D:1)
  2 jackals (D:1)
  A quokka (D:1)
  2 ball pythons (D:1)
  5 bats
  A frilled lizard (D:1)
  3 goblins
  3 kobolds (D:2)
25 creatures vanquished.

Notes
Turn   | Place    | Note
-------+----------+-------------------------------------------
     0 | D:1      | Cape the Deep Elf Earth Elementalist began the quest for
                  | the Orb.
     0 | D:1      | Reached XP level 1. HP: 10/10 MP: 6/6
   111 | D:1      | Found a faded altar of an unknown god.
   324 | D:1      | You fall into a shaft and drop 1 floor!
   458 | D:2      | Reached XP level 2. HP: 7/15 MP: 4/8
   629 | D:2      | Found Hufepp's Weapon Shop.
   629 | D:2      | Noticed Robin
  1336 | D:1      | Identified a scroll of acquirement
  1336 | D:1      | Acquired 446 gold pieces
  1386 | D:2      | Identified the +10 whip "Idusaxzo" {vorpal, rElec rPois
                  | rF++ Dex-5}
  1419 | D:2      | Noticed Jessica
  1423 | D:2      | Killed Jessica
  1424 | D:2      | Reached XP level 3. HP: 17/19 MP: 7/10
  1504 | D:1      | Reached skill level 4 in Spellcasting
  1505 | D:2      | Slain by a hobgoblin

Illustrated notes

Levels and vault maps discovered:
D:1:      saegor_arrival_under_anarchy, layout_loops_corners,
          shapermc_ecumenical_altar_venn, grunt_decor_mini_mirrors
D:2:      layout_rooms, basic_altar, serial_shops, shop, uniq_robin,
          uniq_jessica

Skill      XL: |  1  2  3 |
---------------+----------+-----
Spellcasting   | 4 |  4.0
Maces & Flails | |  0.2
Dodging        | |  2.8
Stealth        | |  2.9
Transmutations | |  1.8
Earth Magic    | |  3.8

Action                   || total
-------------------------++-------
Melee: Dagger            ||    16
       Unarmed           ||     1
       Whip              ||     5
       Club              ||     3
 Cast: Sandblast         ||    28
  Use: Scroll            ||     6
Armor: Robe              ||    15
Dodge: Dodged            ||    24
